 Dungeon Crawl Stone Soup version 0.18-a0-1485-g189885c (webtiles) character file.

360 Goblin1989 the Ruffian (level 6, -2/44 HPs)
             Began as a Demonspawn Gladiator on Mar 4, 2016.
             Was a Believer of Makhleb.
             Slain by an orc
             ... wielding a +0 dagger
              (3 damage)
             ... on level 3 of the Dungeon.
             The game lasted 00:10:48 (3768 turns).

Goblin1989 the Ruffian (Demonspawn Gladiator)       Turns: 3768, Time: 00:10:48

Health: -2/44      AC: 10    Str: 17    XL:     6   Next: 38%
Magic:  8/8        EV:  7    Int:  9    God:    Makhleb [**....]
Gold:   189        SH:  0    Dex: 14    Spells: 0 memorised, 5 levels left

rFire  + . .     SeeInvis .     a - +3 war axe
rCold  . . .     Gourm    .     o - +0 chain mail
rNeg   . . .     Faith    .     (no shield)
rPois  .         Spirit   .     c - +0 helmet
rElec  .         Dismiss  .     (no cloak)
rCorr  .         Reflect  .     (no gloves)
SustAt .         Harm     +     q - +0 pair of boots
MR     .....                    p - amulet of harm
Stlth  ..........               (no ring)
                                (no ring)

@: not resistant to hostile enchantments, extremely unstealthy
A: claws 2, talons 1, fire resistance 1
a: Minor Destruction, Renounce Religion


You were on level 3 of the Dungeon.
You worshipped Makhleb.
Makhleb was pleased with you.
You were hungry.

You visited 1 branch of the dungeon, and saw 4 of its levels.
You also visited: Sewer.

You collected 189 gold pieces.

Inventory:

Hand Weapons
 a - a +3 war axe (weapon)
Missiles
 n - 2 throwing nets
 w - 2 javelins (quivered)
Armour
 c - a +0 helmet (worn)
 h - a troll hide
 o - a +0 chain mail (worn)
 q - a +0 pair of boots (worn)
Jewellery
 p - an amulet of harm (around neck)
 z - a +4 ring of dexterity {unknown}
 A - an uncursed ring of ice
Wands
 d - a wand of random effects (35/48)
Scrolls
 b - a scroll of enchant armour
 g - a scroll of noise
 i - a scroll of fog
 k - a scroll of amnesia
 l - 2 scrolls of remove curse
 m - a scroll of recharging
 r - a scroll of enchant weapon
 v - 2 scrolls of fear {unknown}
 y - a scroll of random uselessness {unknown}
Potions
 e - 2 potions of lignification {unknown}
 s - a potion of magic {unknown}
 t - a potion of curing {unknown}
 x - a potion of heal wounds {unknown}
Comestibles
 f - a bread ration
 j - 4 meat rations
 u - 4 fruits


   Skills:
 - Level 2.0 Fighting
 - Level 3.2 Axes
 - Level 1.7 Throwing
 - Level 2.6 Dodging
 * Level 4.9 Unarmed Combat
 + Level 3.4 Invocations


You had 5 spell levels left.
You didn't know any spells.

Dungeon Overview and Level Annotations

Branches:
Dungeon (4/15)
 Temple: D:4-7

Altars:
Makhleb
Nemelex Xobeh

Annotations:
D:4 pedritolo's ghost, weakling VSMo


Innate Abilities, Weirdness & Mutations

You have very sharp fingernails.
You have sharp toenails.
Your flesh is heat resistant.


Message History

The orc priest mumbles some strange prayers to Beogh against you.
Pain shoots through your body!
* * * LOW HITPOINT WARNING * * *
The orc priest hits you but does no damage.
You slash the orc priest!
The orc priest is almost dead.
You hit the orc.
The orc is almost dead.
The orc hits you but does no damage.
The orc priest hits you but does no damage.
You closely miss the orc priest.
The orc priest is almost dead.
You barely miss the orc.
The orc is almost dead.
The orc hits you but does no damage.
The orc priest mumbles some strange prayers to Beogh against you.
Pain shoots through your body!
* * * LOW HITPOINT WARNING * * *
The orc hits you with a dagger.
You die...

### ### #.##### #.# #.....# #.#
####.###.# #.# .......#.# #.#
########.# #.# #.# ##### #.#####
##### ##...# #......
##≈..###≈.@o# #.#####
#≈...≈##≈.#o####### #.#
#.≈#≈≈≈#≈≈#.......# #.####
#######.≈#≈≈≈#≈≈#.......# #....#
#.....#≈≈#≈.≈#≈≈#.......###....##
......#≈≈#≈.≈#≈≈#.......+......+.
....<.#≈≈#≈.≈#≈.#.......###....##
......#≈≈#≈≈≈#≈≈#.(..............
.........##...≈≈#........##.#####


You could see an orc priest and an orc.

Vanquished Creatures
  Purgy (Sewer)
  A hound (D:4)
  Terence (D:2)
  A worker ant (D:4)
  The ghost of Amnesiac the Chucker, a weakling OgHu (D:3)
  6 adders
  3 oozes
  3 worms
  2 dart slugs (D:1)
  9 giant geckos
  An orc (D:3)
  8 bats
  13 giant cockroaches
  7 goblins
  9 hobgoblins
  2 jackals (D:3)
  A giant newt (Sewer)
  5 kobolds
  11 rats
85 creatures vanquished.

Notes
Turn   | Place    | Note
--------------------------------------------------------------
     0 | D:1      | Goblin1989 the Demonspawn Gladiator began the quest for the Orb.
     0 | D:1      | Reached XP level 1. HP: 16/16 MP: 1/1
   236 | D:1      | Gained mutation: You have sharp fingernails. [demonic ancestry]
   236 | D:1      | Reached XP level 2. HP: 11/22 MP: 2/2
   551 | D:1      | Reached skill level 1 in Unarmed Combat
   970 | D:1      | Reached XP level 3. HP: 24/27 MP: 3/3
  1091 | D:2      | Reached skill level 2 in Unarmed Combat
  1475 | D:2      | Gained mutation: You have sharp toenails. [demonic ancestry]
  1475 | D:2      | Reached XP level 4. HP: 24/33 MP: 4/4
  1558 | D:2      | Noticed Terence
  1588 | D:2      | Killed Terence
  1588 | D:2      | Reached skill level 3 in Unarmed Combat
  1717 | D:2      | Found a burning altar of Makhleb.
  1717 | D:2      | Noticed a green death
  1720 | D:2      | Noticed a ynoxinul
  1720 | D:2      | Noticed a hellwing
  1759 | D:2      | Became a worshipper of Makhleb the Destroyer
  2463 | D:2      | Reached skill level 1 in Invocations
  2516 | D:3      | Gained mutation: Your flesh is heat resistant. [demonic ancestry]
  2516 | D:3      | Reached XP level 5. HP: 38/38 MP: 5/5
  2645 | D:3      | Reached * piety under Makhleb
  2650 | D:3      | Found a sparkling altar of Nemelex Xobeh.
  2981 | D:3      | Reached skill level 4 in Unarmed Combat
  3048 | D:3      | Found a glowing drain.
  3063 | Sewer    | Entered a sewer
  3239 | Sewer    | Noticed Purgy
  3251 | Sewer    | Killed Purgy
  3251 | Sewer    | Gained mutation: You have very sharp fingernails. [demonic ancestry]
  3251 | Sewer    | Reached XP level 6. HP: 41/44 MP: 6/8
  3561 | D:3      | Noticed Amnesiac's ghost (weakling OgHu)
  3578 | D:3      | Killed Amnesiac's ghost
  3647 | D:4      | Reached ** piety under Makhleb
  3656 | D:4      | Noticed pedritolo's ghost (weakling VSMo)
  3768 | D:3      | HP: 1/44 [orc priest/nerve-wracking pain (10)]
  3768 | D:3      | Slain by an orc

Vault maps used:
D:1:      evilmike_arrival_home_sweet_home
D:2:      makhleb_altar_promises_db, uniq_terence
D:3:      nemelex_deck, gup_sewer_entry_pipe
D:4:      lemuel_doored_altar, first_bread, minivault_4, uniq_blork_the_orc
Sewer:    kennysheep_door_sewer

Skill      XL: |  1  2  3  4  5  6 |
---------------+-------------------+-----
Axes           | 3 |  3.2
Unarmed Combat | 1 2 3 4 |  4.9
Invocations    | 1 2 3 |  3.4
Fighting       | |  2.0
Throwing       | |  1.7
Dodging        | |  2.6

Action                   |  1- 3 |  4- 6 || total
-------------------------+-------+-------++-------
Melee: War axe           |   112 |   167 ||   279
Throw: Throwing net      |       |     6 ||     6
       Javelin           |       |     9 ||     9
  Use: Scroll            |       |     9 ||     9
 Stab: Held in net/web   |       |     3 ||     3
  Eat: Chunk             |     1 |     8 ||     9
